Map: [ESL] Ancient Cistern

Players

SortOf

  • Race: Zerg Zerg
  • Spawn Location: 1:00

NightPhoenix - Winner!

  • Race: Protoss Protoss
  • Spawn Location: 7:00

Event: ESL SC2 Masters 2023 Summer (Finals)

VOD

Have the link to the VOD?

Description

Time

  • Played on: June 16, 2023, 5:22 a.m.
  • Length: 16:33

All games in this series

Show
View Real Time Build Order
Export as new Build Order

SortOf Zerg 

Build Orders: Hatch First 

Get SALT Encoding   

  12  0:00  Drone  
  13  0:13  Overlord  
  13  0:17  Drone  
  14  0:31  Drone x2  
  16  0:49  Hatchery  
  15  0:53  Drone  
  16  0:57  Drone  
  16  1:00  Drone  
  18  1:11  Extractor  
  17  1:15  Spawning Pool  
  16  1:20  Drone  
  16  1:22  Drone  
  18  1:31  Drone  
  20  1:40  Drone  
  20  1:52  Overlord  
  20  2:02  Queen  
  20  2:03  Zergling x2  
  20  2:04  Drone, Queen  
  26  2:13  Zergling x2  
  26  2:14  Drone  
  26  2:15  Metabolic Boost  
  28  2:24  Drone x2  
  30  2:42  Hatchery  
  30  2:43  Queen  
  31  2:47  Drone x2  
  31  2:51  Overlord  
  33  2:56  Drone  
  34  2:58  Zergling x4  
  36  3:09  Queen  
  36  3:11  Drone x2  
  40  3:23  Drone x3  
  40  3:24  Overlord  
  40  3:25  Drone, Spore Crawler  
  43  3:28  Drone  
  44  3:41  Overlord  
  44  3:42  Queen, Drone  
  44  3:43  Drone x2  
  44  3:46  Queen  
  51  3:51  Overlord  
  51  3:53  Drone  
  51  3:54  Drone  
  52  3:59  Drone x2  
  52  4:00  Drone  
  55  4:04  Drone  
  55  4:10  Drone  
  55  4:12  Drone  
  55  4:15  Drone x2  
  59  4:18  Roach Warren  
  59  4:21  Drone x4  
  62  4:24  Spore Crawler  
  62  4:27  Drone  
  62  4:29  Overlord  
  62  4:32  Zergling x2  
  62  4:33  Drone x2  
  63  4:39  Drone x2  
  63  4:45  Drone x2  
  63  4:49  Evolution Chamber  
  63  4:50  Queen  
  66  4:52  Drone  
  66  4:56  Zergling x10  
  71  5:11  Drone x8  
  75  5:20  Drone x2  
  76  5:22  Lair, Zerg Melee Weapons Level 1  
  76  5:28  Hatchery  
  73  5:30  Drone  
  73  5:33  Drone  
  73  5:34  Drone x2  
  77  5:38  Drone x3  
  77  5:40  Extractor  
  77  5:41  Extractor  
  78  5:47  Baneling Nest  
  78  5:49  Extractor  
  76  5:54  Drone x3  
  80  6:00  Queen  
  80  6:02  Hatchery  
  75  6:06  Drone x5  
  75  6:07  Drone x3  
  80  6:12  Overlord, Drone  
  80  6:13  Drone  
  82  6:19  Spore Crawler  
  82  6:21  Spore Crawler  
  82  6:22  Overlord  
  80  6:26  Drone x3  
  82  6:33  Centrifugal Hooks  
  82  6:34  Overlord  
  82  6:37  Drone x3  
  82  6:39  Extractor, Drone  
  86  6:40  Drone x2  
  86  6:41  Drone x3  
  86  6:45  Drone x3, Hydralisk Den  
  92  6:48  Zergling x2  
  92  6:51  Overlord  
  93  6:55  Zergling x12  
  97  7:02  Zergling x14  
  97  7:07  Queen, Zergling x4  
  107  7:13  Zergling x4  
  107  7:15  Grooved Spines  
  108  7:20  Zergling x18  
  108  7:22  Spore Crawler  
  116  7:24  Overlord  
  116  7:26  Drone  
  116  7:29  Zerg Melee Weapons Level 2  
  117  7:31  Hydralisk x3  
  117  7:34  Drone  
  117  7:35  Drone x2  
  126  7:37  Overlord x2  
  126  7:42  Overlord  
  126  7:45  Baneling x7  
  126  7:48  Baneling  
  126  7:50  Zergling x14  
  129  8:00  Queen  
  129  8:02  Hydralisk x3  
  129  8:03  Zergling x12  
  127  8:14  Hydralisk x3  
  127  8:15  Zergling x14  
  127  8:17  Queen  
  134  8:24  Baneling x3  
  133  8:31  Zergling x26  
  146  8:34  Overlord  
  146  8:37  Overlord  
  146  8:40  Hydralisk x2  
  150  8:42  Overlord  
  150  8:45  Hydralisk, Spore Crawler  
  150  8:46  Zergling x4  
  152  8:50  Zergling x6  
  151  8:58  Hydralisk x5  
  151  9:00  Zergling x6  
  154  9:10  Hydralisk x2  
  154  9:11  Zergling x16  
  166  9:20  Queen, Zergling x14  
  170  9:28  Overlord  
  170  9:29  Drone x8  
  161  9:42  Drone, Overlord  
  161  9:43  Overseer  
  161  9:45  Baneling x14  
  162  9:48  Zergling x18  
  168  9:58  Zergling x4  
  168  9:59  Zergling x20  
  173  10:05  Zerg Missile Weapons Level 1  
  164  10:08  Hydralisk x3  
  164  10:09  Zergling x4  
  167  10:16  Spine Crawler  
  167  10:19  Baneling x2  
  167  10:20  Baneling x3  
  166  10:29  Hydralisk x2  
  166  10:30  Zergling x24  
  166  10:32  Baneling  
  166  10:33  Baneling  
  182  10:37  Extractor, Zergling x4  
  182  10:42  Zergling x6  
  186  10:45  Baneling x5  
  186  10:47  Baneling  
  186  10:49  Zergling x14  
  193  10:57  Overlord  
  187  11:06  Drone x2  
  187  11:07  Drone  
  187  11:08  Extractor  
  187  11:09  Extractor  
  186  11:17  Zergling x20  
  179  11:21  Baneling x14  
  179  11:23  Zergling x16  
  186  11:27  Extractor  
  186  11:28  Extractor  
  175  11:39  Zergling x18  
  179  11:42  Baneling x12  
  164  11:50  Hydralisk  
  164  11:51  Hydralisk, Zergling x16  
  164  11:52  Queen  
  164  11:53  Queen x2  
  150  11:59  Hydralisk x2  
  114  12:09  Zergling x18  
  114  12:14  Hydralisk x3  
  108  12:28  Hydralisk x3  
  104  12:31  Queen x2  
  104  12:32  Zergling x16  
  103  12:39  Zergling x2  
  97  12:46  Hydralisk x3  
  97  12:47  Zergling x6  
  97  12:49  Baneling  
  97  12:50  Baneling  
  106  12:51  Drone  
  106  12:56  Zergling x4  
  106  12:57  Zergling x2  
  110  13:02  Zergling x2  
  111  13:06  Drone  
  111  13:07  Drone x2  
  113  13:17  Hydralisk x2  
  113  13:18  Zergling x8  
  121  13:22  Baneling x6  
  119  13:29  Drone  
  119  13:30  Drone x3, Spore Crawler  
  119  13:33  Zergling x4  
  119  13:34  Zergling x2  
  121  13:35  Hatchery  
  119  13:44  Hydralisk x3  
  125  13:48  Baneling  
  125  13:49  Baneling x4  
  125  13:58  Hydralisk x2  
  128  14:10  Baneling x7  
  128  14:15  Zergling x22  
  128  14:16  Zergling x4  
  136  14:24  Drone x3  
  139  14:35  Drone x2  
  139  14:36  Drone  
  142  14:38  Baneling x11  
  142  14:42  Hydralisk  
  142  14:43  Zergling x8  
  144  14:53  Muscular Augments  
  144  14:54  Drone x2  
  144  14:55  Drone x2  
  144  14:57  Zergling x8  
  150  15:10  Zergling x18  
  140  15:24  Hatchery  
  140  15:26  Drone x5  
  144  15:33  Lurker Den  
  143  15:39  Zergling x12  
  144  15:55  Baneling x14  
  144  15:56  Zergling x8  
  138  16:01  Hydralisk  
  138  16:03  Zergling x6  
  127  16:08  Zergling x8  
  131  16:15  Zergling x8  
Show
View Real Time Build Order
Export as new Build Order

NightPhoenix Protoss - Winner!

Build Orders: 1 Gate Expand, Oracle Opening 

Get SALT Encoding   

  12  0:00  Probe  
  13  0:12  Probe  
  14  0:19  Pylon  
  14  0:24  Probe  
  15  0:37  Probe (Chrono Boost)  
  15  0:39  Gateway  
  16  0:46  Probe (Chrono Boost)  
  16  0:47  Assimilator  
  17  0:51  Probe  
  18  1:04  Probe  
  19  1:16  Probe  
  20  1:24  Nexus  
  20  1:34  Cybernetics Core  
  20  1:36  Probe  
  21  1:43  Assimilator  
  21  1:49  Probe  
  21  1:52  Pylon  
  22  2:01  Probe  
  23  2:09  Adept (Chrono Boost)  
  23  2:13  Probe  
  26  2:17  Stargate  
  26  2:24  Warp Gate  
  26  2:25  Probe  
  26  2:29  Adept (Chrono Boost)  
  29  2:41  Probe x2 (Chrono Boost)  
  30  2:50  Probe (Chrono Boost)  
  32  2:52  Probe (Chrono Boost), Adept  
  32  2:55  Probe (Chrono Boost)  
  35  3:01  Probe, Oracle (Chrono Boost)  
  39  3:07  Probe  
  40  3:13  Probe  
  40  3:17  Pylon  
  40  3:19  Probe  
  42  3:24  Gateway  
  42  3:25  Probe  
  43  3:31  Probe  
  44  3:35  Oracle (Chrono Boost)  
  44  3:37  Probe  
  48  3:46  Probe  
  49  3:50  Nexus  
  49  3:52  Probe  
  50  3:59  Probe  
  50  4:00  Pylon  
  51  4:05  Oracle  
  54  4:16  Assimilator  
  54  4:17  Assimilator  
  54  4:18  Probe x2  
  54  4:20  Forge  
  56  4:24  Pylon  
  56  4:26  Adept  
  56  4:30  Probe x2, Adept  
  62  4:42  Probe x2  
  64  4:51  Twilight Council, Protoss Ground Weapons Level 1 (Chrono Boost)  
  64  4:55  Probe x2, Stalker  
  64  4:57  Stalker  
  70  5:01  Shield Battery  
  70  5:05  Probe  
  73  5:07  Probe x2  
  71  5:17  Probe  
  71  5:18  Blink (Chrono Boost)  
  71  5:19  Probe x2  
  70  5:26  Stalker x2  
  72  5:29  Pylon  
  72  5:30  Probe  
  72  5:31  Probe  
  72  5:32  Probe  
  72  5:33  Shield Battery  
  75  5:42  Probe, Gateway x2  
  76  5:44  Probe x2  
  76  5:49  Stalker  
  80  5:51  Stalker  
  80  5:54  Probe  
  80  5:56  Gateway  
  83  5:58  Gateway  
  83  6:06  Gateway  
  83  6:08  Probe x2  
  86  6:11  Probe  
  86  6:17  Stalker  
  86  6:18  Stalker  
  90  6:20  Probe x2  
  90  6:23  Probe  
  93  6:26  Pylon  
  93  6:28  Pylon, Assimilator  
  93  6:30  Assimilator  
  93  6:35  Pylon  
  93  6:44  Probe x3, Oracle  
  93  6:45  Stalker  
  101  6:48  Pylon, Stalker x3  
  101  6:51  Pylon  
  107  6:58  Protoss Ground Weapons Level 2 (Chrono Boost)  
  102  7:16  Nexus  
  102  7:18  Stalker x2  
  102  7:19  Oracle (Chrono Boost), Stalker x3  
  102  7:20  Stalker  
  117  7:24  Robotics Facility  
  117  7:31  Charge  
  117  7:33  Probe x2  
  119  7:41  Probe  
  119  7:42  Stalker  
  119  7:43  Stalker x2  
  126  7:45  Probe x2  
  126  7:48  Pylon x2, Oracle  
  122  8:13  Stalker x2  
  122  8:14  Probe x3  
  122  8:19  Stalker x3  
  128  8:25  Observer  
  128  8:26  Probe x3 (Chrono Boost), Robotics Bay  
  131  8:30  Probe (Chrono Boost)  
  131  8:32  Zealot x2  
  136  8:38  Probe x3 (Chrono Boost)  
  136  8:41  Probe (Chrono Boost), Zealot x2  
  142  8:44  Probe (Chrono Boost), Zealot x2  
  142  8:45  Probe x2 (Chrono Boost), Zealot  
  149  9:12  Colossus (Chrono Boost)  
  149  9:14  Extended Thermal Lance, Zealot x5  
  149  9:15  Zealot  
  149  9:16  Zealot  
  157  9:26  Probe  
  157  9:27  Probe  
  147  9:34  Probe x2  
  147  9:38  Robotics Facility  
  139  9:40  Zealot x7  
  139  9:43  Pylon  
  153  9:45  Pylon  
  153  9:48  Templar Archives  
  153  9:51  Gateway  
  153  9:53  Gateway  
  153  9:56  Pylon  
  141  10:02  Colossus (Chrono Boost)  
  133  10:12  Zealot x4  
  133  10:13  Zealot x3  
  148  10:14  Probe x3  
  150  10:23  Colossus (Chrono Boost)  
  156  10:30  Probe x3  
  156  10:33  Probe  
  160  10:36  Photon Cannon  
  160  10:38  Photon Cannon  
  160  10:41  High Templar x2, Photon Cannon  
  160  10:42  High Templar x4  
  170  10:43  High Templar  
  170  10:44  Shield Battery  
  170  10:45  Archon  
  170  10:46  High Templar, Warp Prism (Chrono Boost), Archon  
  170  10:47  Archon  
  178  10:50  Archon  
  178  10:53  Stalker  
  180  11:01  Probe x4  
  171  11:13  Probe x4  
  171  11:17  Shield Battery  
  173  11:19  Photon Cannon  
  173  11:23  Pylon, Sentry x8  
  171  11:40  Sentry  
  171  11:46  Zealot x4  
  171  11:47  Zealot x4  
  109  12:00  Probe x2  
  86  12:13  Zealot x4  
  86  12:14  Zealot x2  
  96  12:18  Probe  
  97  12:27  Zealot x2  
  97  12:28  Probe x2  
  93  12:31  Probe, Pylon  
  94  12:40  Probe  
  95  12:45  Zealot x5  
  95  12:46  Zealot  
  95  12:47  Probe  
  95  12:48  Probe  
  109  12:51  Robotics Facility  
  109  12:52  Probe  
  110  12:58  Nexus  
  110  13:06  High Templar x6  
  110  13:07  High Templar x2  
  110  13:12  Archon x3  
  116  13:13  Archon  
  116  13:14  Probe  
  116  13:15  Probe x2  
  119  13:37  Colossus (Chrono Boost)  
  119  13:40  Probe x2  
  125  13:41  Protoss Ground Weapons Level 3  
  125  13:47  Probe  
  125  13:48  Assimilator x2  
  126  13:52  Probe x2  
  126  13:55  Zealot x2  
  132  13:57  Stalker  
  132  14:01  Zealot x3  
  134  14:04  Probe x3  
  137  14:10  Zealot x5  
  145  14:20  Colossus (Chrono Boost)  
  143  14:26  Stalker x3  
  143  14:30  Probe x3  
  143  14:31  Probe  
  151  14:39  Assimilator  
  151  14:41  Photon Cannon  
  151  14:42  Probe  
  151  14:44  High Templar, Photon Cannon  
  151  14:45  High Templar, Shield Battery  
  156  14:47  Zealot x3  
  156  14:51  Archon  
  162  15:01  High Templar  
  162  15:02  High Templar  
  162  15:06  Zealot  
  166  15:07  Archon  
  166  15:11  Warp Prism (Chrono Boost)  
  139  15:21  High Templar  
  139  15:22  High Templar  
  139  15:25  Shield Battery  
  139  15:26  Archon  
  139  15:28  Photon Cannon  
  143  15:29  Photon Cannon x2  
  143  15:34  High Templar  
  143  15:35  High Templar, Zealot  
  147  15:36  Zealot x3  
  147  15:42  Archon  
  152  15:57  Stalker x2  
  152  15:58  Stalker x2  
  152  15:59  Stalker x2  
  158  16:07  Stalker x2  
  154  16:24  Stalker x5  
Tags
 
Add a new tag
Caveats
  • Supply blocks, unpowered buildings, or Contaminate may cause inaccurate times.
  • Supply counts are checked every 10 seconds.